 Dungeon Crawl Stone Soup version 0.30.0 (console) character file.

Game seed: 6801705673180752359

765 thromnambular the Trooper (level 7, 0/75 HPs)
             Began as an Ogre Hedge Wizard on May 6, 2023.
             Was a Believer of Okawaru.
             Slain by Edmund
             ... wielding a +4 dire flail of holy wrath
              (22 damage)
             ... on level 5 of the Dungeon.
             The game lasted 00:25:51 (5847 turns).

thromnambular the Trooper (Ogre Hedge Wizard)       Turns: 5847, Time: 00:25:51

Health: 0/75       AC:  3    Str: 15    XL:     7   Next: 81%
Magic:  15/23      EV: 12    Int: 15    God:    Okawaru [**....]
Gold:   396        SH:  0    Dex: 10    Spells: 8/16 levels left

rFire   . . .        h - +0 giant club
rCold   + . .        (shield currently unavailable)
rNeg    . . .        b - +0 robe
rPois   .            c - +0 hat
rElec   .            (no cloak)
rCorr   .            (gloves unavailable)
SInv    .            (boots unavailable)
Will    .....        (no amulet)
Stlth   +++          o - ring of magical power
HPRegen 0.32/turn    r - ring of protection from cold
MPRegen 0.18/turn

%: no passive effects
@: heroic, freezing walls
A: large, unfitting armour, tough skin 1
a: Renounce Religion, Heroism


You were on level 5 of the Dungeon.
You worshipped Okawaru.
Okawaru was pleased with you.
You visited 1 branch of the dungeon, and saw 6 of its levels.

You collected 396 gold pieces.

Inventory:

Hand Weapons
 a - a +0 dagger
 h - a +0 giant club (weapon)
 i - a +2 dagger of speed
Missiles
 g - 2 throwing nets
 j - 6 atropa-tipped darts
Armour
 b - a +0 robe (worn)
 c - a +0 hat (worn)
 m - an orb of wrath
Jewellery
 e - a ring of flight
 o - a ring of magical power (left hand)
 r - a ring of protection from cold (right hand)
Wands
 f - a wand of flame (15)
 l - a wand of roots (2)
 p - a wand of digging (3)
Scrolls
 k - 4 scrolls of poison
 n - 2 scrolls of teleportation
 s - a scroll of amnesia
 u - 2 scrolls of blinking
Potions
 d - 3 potions of magic
 q - a potion of mutation


   Skills:
 - Level 6.1(11.1) Fighting
 + Level 2.0(7.0) Maces & Flails
 + Level 4.7(9.7) Dodging
 - Level 1.4(6.4) Stealth
 - Level 5.3 Spellcasting
 + Level 0.8 Conjurations
 - Level 0.8 Summonings
 - Level 0.8 Translocations
 - Level 1.6 Ice Magic


You had 8 spell levels left.
You knew the following spells:

 Your Spells              Type           Power      Damage    Failure   Level
a - Magic Dart            Conj           24%        1d4       11%         1
b - Blink                 Tloc           12%        N/A       17%         2
c - Freeze                Ice            36%        1d5       8%          1
d - Slow                  Hex            12%        N/A       16%         1
e - Frozen Ramparts       Ice            18%        1d3       24%         3

Your spell library contained the following spells:

 Spells                   Type           Power      Damage    Failure   Level
 Shock                    Conj/Air       20%        1d4       13%         1
 Cigotuvi's Dreadful Rot  Necr/Pois/Air  6%         N/A       24%         2
 Hailstorm                Conj/Ice       7%         3d4       28%         3
 Gell's Gravitas          Tloc           6%         N/A       32%         3
 Teleport Other           Tloc           6%         N/A       32%         3
 Mephitic Cloud           Conj/Pois/Air  4%         N/A       38%         3
 Swiftness                Air            3%         N/A       43%         3
 Airstrike                Air            1%         2d(1-17)  85%         4
 Dispersal                Tloc           3%         N/A       100%        6
 Call Imp                 Summ           Unusable   N/A       N/A         2

Dungeon Overview and Level Annotations

Branches:
Dungeon (6/15)
 Temple: D:4-7

Altars:
Ashenzari
Kikubaaqudgha
Nemelex Xobeh
Okawaru
Vehumet
Wu Jian

Annotations:
D:4 Eustachio
D:5 Edmund


Innate Abilities, Weirdness & Mutations

You are too large for most types of armour.
You have tough skin. (AC +1)


Message History

Okay, then.
Edmund says, "I might not be good at magic, but I can still kill you!"
Casting: Magic Dart (safe; 11% risk of failure)
Confirm with . or Enter, or press ? or * to list all spells.
Casting: Frozen Ramparts (dangerous; 24% risk of failure)
Press: ? - help, Dir - look around, f - activate The walls around you are covered in ice.
The wall freezes Edmund.
Casting: Frozen Ramparts (dangerous; 24% risk of failure)
Confirm with . or Enter, or press ? or * to list all spells.
Aiming: Freeze (safe; 8% risk of failure)
Press: ? - help, Shift-Dir - straight line, f - Edmund
Aim: Edmund, wielding a +4 dire flail of holy wrath and wearing a +0 leather armour (lightly wounded, strong)
You freeze Edmund.
Edmund is lightly wounded.
The wall freezes Edmund but does no damage.
Edmund hits you with a +4 dire flail of holy wrath!
Casting: Freeze (safe; 8% risk of failure)
Confirm with . or Enter, or press ? or * to list all spells.
Aiming: Freeze (safe; 8% risk of failure)
Press: ? - help, Shift-Dir - straight line, f/p - Edmund
Aim: Edmund, wielding a +4 dire flail of holy wrath and wearing a +0 leather armour (lightly wounded, strong)
You freeze Edmund.
Edmund is lightly wounded.
The wall freezes Edmund.
Edmund hits you with a +4 dire flail of holy wrath.
You gain the combat prowess of a mighty hero.
The wall freezes Edmund.
Edmund hits you with a +4 dire flail of holy wrath!
* * * LOW HITPOINT WARNING * * *
Casting: Freeze (safe; 8% risk of failure)
Confirm with . or Enter, or press ? or * to list all spells.
Aiming: Freeze (safe; 8% risk of failure)
Press: ? - help, Shift-Dir - straight line, f/p - Edmund
Aim: Edmund, wielding a +4 dire flail of holy wrath and wearing a +0 leather armour (moderately wounded, strong)
You freeze Edmund.
Edmund is moderately wounded.
The wall freezes Edmund.
Edmund hits you with a +4 dire flail of holy wrath!!
You die...

######### ##.............
#######.#(.##.. #........#.....
#......#...(>..
####......#...##..
#.........##..##..
#.#######.###.##.. #@#
##...#@.#.. ##############@#
#.##.#..#.. #..............#
#.##....### #..........#####
#..##....## #....<.....#
##.......## #........<.#
##.......# #..........########
##........
#.............))).####...#.##..
#..........######......#.......
#..........# #####..........


You could see Edmund (strong).

Vanquished Creatures
  An ogre (D:4)
  Blork the orc (D:4)
  A scorpion (D:5)
  2 orc priests (D:5)
  A jelly (D:5)
  A sleepcap (D:4)
  Ijyb (D:4)
  Natasha (thrice) (D:4)
  3 iguanas
  3 orc wizards (D:5)
  5 adders
  3 gnolls (D:4)
  2 white imps
  A dart slug (D:2)
  19 orcs
  5 ball pythons
  6 endoplasms
  2 giant cockroaches
  3 goblins
  A hobgoblin (D:3)
  8 jackals
  5 quokkas
  3 bats (D:1)
  2 frilled lizards (D:3)
  6 kobolds
  6 rats
94 creatures vanquished.

Vanquished Creatures (others)
  8 plants (D:3)
  5 withered plants
13 creatures vanquished.

Grand Total: 107 creatures vanquished

Notes
Turn   | Place    | Note
-------+----------+-------------------------------------------
     0 | D:1      | thromnambular the Ogre Hedge Wizard began the quest for the
                  | Orb.
     0 | D:1      | Reached XP level 1. HP: 16/16 MP: 5/5
   157 | D:1      | Found a faded altar of an unknown god.
   238 | D:1      | Reached skill level 1 in Fighting
   238 | D:1      | Reached XP level 2. HP: 24/27 MP: 6/6
   615 | D:1      | Learned a level 2 spell: Blink
   855 | D:2      | Reached XP level 3. HP: 35/35 MP: 8/8
  1074 | D:2      | Found a broken altar of Ashenzari.
  1214 | D:2      | Reached skill level 2 in Fighting
  1528 | D:3      | Found a sparkling altar of Nemelex Xobeh.
  1954 | D:2      | Reached XP level 4. HP: 28/44 MP: 1/10
  2143 | D:3      | Found an ornate altar of the Wu Jian Council.
  2341 | D:1      | Prayed at the altar of an unknown god.
  2341 | D:1      | Became a worshipper of Warmaster Okawaru
  2341 | D:1      | Reached * piety under Okawaru
  2456 | D:3      | Found a radiant altar of Vehumet.
  2764 | D:4      | Reached skill level 3 in Fighting
  2764 | D:4      | Reached XP level 5. HP: 34/53 MP: 12/12
  3416 | D:4      | Noticed Eustachio
  3419 | D:4      | Learned a level 1 spell: Freeze
  3466 | D:3      | Learned a level 1 spell: Slow
  3494 | D:4      | Noticed Blork the orc
  3530 | D:4      | Killed Blork the orc
  3531 | D:4      | Reached skill level 4 in Fighting
  3531 | D:4      | Reached skill level 5 in Spellcasting
  3531 | D:4      | Reached XP level 6. HP: 62/62 MP: 13/13
  3779 | D:3      | Learned a level 3 spell: Frozen Ramparts
  3859 | D:4      | Noticed Natasha
  3913 | D:5      | Entered Level 5 of the Dungeon
  4179 | D:4      | Found an ancient bone altar of Kikubaaqudgha.
  4274 | D:4      | Identified the +6 glaive of Theory {flame, rF- Int+3 SInv}
  4353 | D:4      | Killed Natasha
  4354 | D:4      | Reached skill level 1 in Ice Magic
  4429 | D:4      | Noticed Natasha
  4436 | D:4      | Killed Natasha
  4576 | D:4      | Reached skill level 5 in Fighting
  4576 | D:4      | Reached XP level 7. HP: 40/72 MP: 5/14
  4658 | D:4      | Noticed Natasha
  4679 | D:4      | Killed Natasha
  4797 | D:4      | Noticed Ijyb
  4811 | D:4      | Killed Ijyb
  5002 | D:5      | Reached skill level 1 in Maces & Flails
  5392 | D:5      | Reached ** piety under Okawaru
  5687 | D:5      | Reached skill level 6 in Fighting
  5798 | D:6      | Noticed Edmund
  5847 | D:5      | Slain by Edmund

Illustrated notes

Levels and vault maps discovered:
D:1:      dpeg_arrival_rooms_b, layout_basic, ebering_ecumenical_altar_petrified
D:2:      layout_loops_ring, basic_altar
D:3:      layout_rooms, mainiacjoe_overflow_cross_hatched, old_standard_altar,
          amcnicky_altar_gilded
D:4:      layout_basic, kiku_gazebo_garden_becter, temple_green, uniq_ijyb,
          uniq_blork_the_orc, uniq_natasha, uniq_eustachio
D:5:      layout_rooms
D:6:      layout_rooms, uniq_edmund

Skill      XL: |  1  2  3  4  5  6  7 |
---------------+----------------------+-----
Dodging        | 2 3 4 |  4.7
Fighting       | 1 2 3 4 5 6 |  6.1
Spellcasting   | 4 5 |  5.3
Ice Magic      | 1 |  1.6
Maces & Flails | 2 |  2.0
Stealth        | |  1.4
Conjurations   | |  0.8
Summonings     | |  0.8
Translocations | |  0.8

Action                     |  1- 3 |  4- 6 |  7- 9 || total
---------------------------+-------+-------+-------++-------
  Melee: Dagger            |   154 |   148 |       ||   302
         Punch             |     1 |     1 |       ||     2
         Giant club        |       |       |    40 ||    40
  Throw: Dart              |     5 |       |       ||     5
   Cast: Magic Dart        |    51 |    56 |    16 ||   123
         Blink             |     1 |       |       ||     1
         Freeze            |       |    35 |    34 ||    69
         Slow              |       |     3 |     1 ||     4
         Frozen Ramparts   |       |     2 |     5 ||     7
 Invoke: Heroism           |       |     2 |     1 ||     3
    Use: Scroll            |     4 |     7 |     4 ||    15
         Potion            |     1 |     8 |       ||     9
   Stab: Sleeping          |     1 |     2 |       ||     3
         Invisible         |     1 |       |       ||     1
 Armour: Robe              |    44 |    37 |    25 ||   106
         Skin              |       |    10 |       ||    10
  Dodge: Dodged            |    68 |    77 |    50 ||   195
